 Dungeon Crawl Stone Soup version 0.27-a0-1196-g3e9cee4cb2 (webtiles) character file.

Game seed: 4785556034254589078

214 freelancePsychic the Sneak (level 5, -2/25 HPs)
             Began as a Spriggan Hunter on May 29, 2021.
             Was an Initiate of Ru.
             Slain by an iguana (9 damage)
             ... on level 5 of the Dungeon.
             The game lasted 00:05:28 (2564 turns).

freelancePsychic the Sneak (Spriggan Hunter)        Turns: 2564, Time: 00:05:29

Health: -2/25      AC:  2    Str:  9    XL:     5   Next: 59%
Magic:  6/6        EV: 19    Int: 12    God:    Ru [......]
Gold:   106        SH:  0    Dex: 16    Spells: 4/4 levels left

rFire    . . .     SeeInvis +   a - +1 hand crossbow
rCold    . . .     Faith    .   (shield restricted)
rNeg     . . .     Spirit   .   c - +0 robe
rPois    .         Reflect  .   (helmet restricted)
rElec    .         Harm     .   (no cloak)
rCorr    .         Rampage  .   (gloves unavailable)
Will     .....                  (boots unavailable)
Stlth    +++.......             (no amulet)
HPRegen  0.08/turn              (no ring)
MPRegen  0.10/turn              (no ring)

@: very quick
A: very small, no large weapons, unfitting armour, see invisible, speed 3
a: Renounce Religion


You were on level 5 of the Dungeon.
You worshipped Ru.
Ru was noncommittal.
You visited 1 branch of the dungeon, and saw 5 of its levels.

You collected 106 gold pieces.

Inventory:

Hand Weapons
 a - a +1 hand crossbow (weapon)
 b - a +2 dagger of draining
Missiles
 d - 11 bolts (quivered ammo)
 g - 25 poisoned darts
Armour
 c - a +0 robe (worn)
Jewellery
 j - a ring of fire
 m - an amulet of magic regeneration
 q - a ring of protection from cold
Scrolls
 e - a scroll of fog {unknown}
 h - 3 scrolls of magic mapping {unknown}
 i - a scroll of identify {unknown}
 n - a scroll of blinking {unknown}
 p - a scroll of summoning {unknown}
 r - a scroll of enchant armour {unknown}
 s - a scroll of amnesia {unknown}
Potions
 f - 2 potions of curing {unknown}
 k - 2 potions of ambrosia {unknown}
 l - a potion of cancellation {unknown}
 o - a potion of heal wounds {unknown}


   Skills:
 - Level 1.5 Fighting
 + Level 5.1 Crossbows
 + Level 5.0 Dodging
 + Level 5.1 Stealth


You had 4 spell levels left.
You didn't know any spells.
Your spell library was empty.

Dungeon Overview and Level Annotations

Branches:
Dungeon (5/15)
 Temple: D:4-7

Altars:
Ru


Innate Abilities, Weirdness & Mutations

You are very small and have problems with some larger weapons.
You are too small for most types of armour.
You have supernaturally acute eyesight. (SInv)
You cover ground extremely quickly. (Speed+++)


Message History

You shoot a bolt. The bolt barely misses the iguana.
The iguana bites you but does no damage.
Fire: 17 bolts
Press: ? - help, Q - select action, (/) - cycle Shift-Dir - straight line, f/p - iguana
Aim: an iguana (heavily wounded, 69% to hit)
You shoot a bolt. The bolt closely misses the iguana.
The iguana closely misses you. The iguana barely misses you.
Fire: 16 bolts
Press: ? - help, Q - select action, (/) - cycle Shift-Dir - straight line, f/p - iguana
Aim: an iguana (heavily wounded, 69% to hit)
You shoot a bolt.
The bolt hits the iguana but does no damage.
The iguana is heavily wounded.
The iguana closely misses you.
Fire: 15 bolts
Press: ? - help, Q - select action, (/) - cycle Shift-Dir - straight line, f/p - iguana
Aim: an iguana (heavily wounded, 69% to hit)
You shoot a bolt. The bolt hits the iguana.
The iguana is severely wounded.
The iguana barely misses you.
Fire: 14 bolts
Press: ? - help, Q - select action, (/) - cycle Shift-Dir - straight line, f/p - iguana
Aim: an iguana (severely wounded, 69% to hit)
You shoot a bolt. The bolt barely misses the iguana.
The iguana closely misses you.
Fire: 13 bolts
Press: ? - help, Q - select action, (/) - cycle Shift-Dir - straight line, f/p - iguana
Aim: an iguana (severely wounded, 69% to hit)
You shoot a bolt.
The bolt hits the iguana but does no damage.
The iguana is severely wounded.
The iguana closely misses you. The iguana bites you.
* * * LOW HITPOINT WARNING * * *
Fire: 12 bolts
Press: ? - help, Q - select action, (/) - cycle Shift-Dir - straight line, f/p - iguana
Aim: an iguana (severely wounded, 69% to hit)
You shoot a bolt. The bolt hits the iguana.
The iguana is almost dead.
The iguana bites you!
You die...

####
#(.
..(
#(#
#l#
#@#
###


You could see an iguana.

Vanquished Creatures
  A phantom (D:4)
  Ijyb (D:3)
  An orc wizard (D:3)
  An adder (D:3)
  3 worms
  3 dart slugs
  4 orcs
  10 ball pythons
  2 bats
  7 endoplasms
  4 giant cockroaches
  8 goblins
  4 hobgoblins
  A quokka (D:1)
  2 frilled lizards
  10 kobolds
  4 rats
66 creatures vanquished.

Notes
Turn   | Place    | Note
-------+----------+-------------------------------------------
     0 | D:1      | freelancePsychic the Spriggan Hunter began the quest for
                  | the Orb.
     0 | D:1      | Reached XP level 1. HP: 10/10 MP: 2/2
   134 | D:1      | Reached XP level 2. HP: 14/14 MP: 3/3
   227 | D:1      | Found a faded altar of an unknown god.
   718 | D:2      | Reached XP level 3. HP: 18/18 MP: 4/4
  1449 | D:3      | Reached XP level 4. HP: 22/22 MP: 5/5
  1465 | D:3      | Noticed Ijyb
  1532 | D:3      | Killed Ijyb
  1843 | D:3      | Found a sacrificial altar of Ru.
  1852 | D:3      | Became a worshipper of Ru the Awakened
  2230 | D:3      | Reached XP level 5. HP: 14/25 MP: 6/6
  2487 | D:4      | Noticed a phantom
  2536 | D:4      | Killed a phantom
  2537 | D:4      | Reached skill level 5 in Crossbows
  2537 | D:4      | Reached skill level 5 in Dodging
  2537 | D:4      | Reached skill level 5 in Stealth
  2555 | D:5      | Entered Level 5 of the Dungeon
  2564 | D:5      | Slain by an iguana

Illustrated notes

Levels and vault maps discovered:
D:1:      lemuel_arrival_broad_hall, layout_loops_ring,
          hellmonk_ecumenical_altar_heavens_door, chequers_serial_rivers_large_b
D:2:      kennysheep_six_static_rooms, layout_rooms, serial_curves,
          eino_curves_01, eino_curves_03, minmay_misc_feat_room
D:3:      layout_rooms, nicolae_ru_sacrificial_ziggurat, uniq_ijyb
D:4:      layout_basic, gammafunk_temple_overflow_claw
D:5:      layout_basic, minmay_temple_entry_trees, uniq_sigmund

Skill      XL: |  1  2  3  4  5 |
---------------+----------------+-----
Stealth        | 2 3 4 5 |  5.1
Dodging        | 3 4 5 |  5.0
Crossbows      | 5 |  5.1
Fighting       | |  1.5

Action                   |  1- 3 |  4- 6 || total
-------------------------+-------+-------++-------
Melee: Hand crossbow     |       |     2 ||     2
 Fire: Hand crossbow     |    83 |    74 ||   157
Armor: Robe              |     5 |     1 ||     6
Dodge: Dodged            |    14 |    31 ||    45

Table legend: (Time is in decaauts)
 A = Elapsed time spent in this place.
 B = Non-inter-level travel time spent in this place.
 C = Inter-level travel time spent in this place.
 D = Time resting spent in this place.
 E = Time spent auto-exploring this place.
 F = Levels seen in this place.
 G = Mean time per level.
                   A        B        C        D        E       F      G
               +--------+--------+--------+--------+--------+-----+--------+
         Total |   1908 |   1864 |     44 |     32 |   1420 |   5 |  381.6 |
       Dungeon |   1908 |   1864 |     44 |     32 |   1420 |   5 |  381.6 |
               +--------+--------+--------+--------+--------+-----+--------+

Top non-repeatable levels by time:
     D:3: 820 daAuts
     D:2: 466 daAuts
     D:1: 458 daAuts
     D:4: 152 daAuts
     D:5: 10 daAuts
